 Dungeon Crawl Stone Soup version 0.21.1-1-g345015fe64 (webtiles) character file.

2262 Mrkan the Cleaver (level 9, -1/83 HPs)
             Began as a Hill Orc Monk on May 6, 2018.
             Was a Believer of Beogh.
             Slain by a centaur
             ... wielding a cursed -3 shortbow
              (8 damage)
             ... on level 7 of the Dungeon.
             The game lasted 00:16:30 (8619 turns).

Mrkan the Cleaver (Hill Orc Monk)                   Turns: 8619, Time: 00:16:31

Health: -1/83      AC: 12    Str: 17    XL:     9   Next: 38%
Magic:  9/9        EV: 11    Int: 10    God:    Beogh [**....]
Gold:   309        SH:  0    Dex: 13    Spells: 8/8 levels left

rFire    . . .     SeeInvis .   a - +0 hand axe
rCold    . . .     Gourm    .   (no shield)
rNeg     . . .     Faith    +   p - +3 ring mail
rPois    .         Spirit   .   (no helmet)
rElec    .         Reflect  .   q - +0 cloak
rCorr    .         Harm     .   (no gloves)
MR       .....                  e - +0 pair of boots
Stlth    +.........             f - amulet of faith
HPRegen  0.23/turn              (no ring)
MPRegen  0.11/turn              (no ring)

@: no status effects
A: no striking features
a: Smiting, Renounce Religion


You were on level 7 of the Dungeon.
You worshipped Beogh.
Beogh was pleased with you.
You were not hungry.

You visited 1 branch of the dungeon, and saw 7 of its levels.
You also visited: Ossuary.

You collected 309 gold pieces.

Inventory:

Hand Weapons
 a - a +0 hand axe (weapon)
 j - the +4 halberd "Beastbane" {vamp, +Blink +Rage, unknown}
   (You found it on level 4 of the Dungeon)

   It inflicts no extra harm, but heals its wielder when it wounds a living foe.
   It lets you blink.
   It lets you go berserk.
Armour
 e - a +0 pair of boots (worn)
 p - a +3 ring mail (worn)
 q - a +0 cloak (worn)
Jewellery
 f - an amulet of faith (around neck)
 r - a cursed ring of loudness {unknown}
Wands
 l - a wand of polymorph (26)
 y - a wand of paralysis (32)
Scrolls
 b - a scroll of immolation
 d - 3 scrolls of remove curse
 g - 2 scrolls of magic mapping
 h - a scroll of teleportation
 i - a scroll of fog
 k - 3 scrolls of random uselessness {unknown}
 m - 6 scrolls of identify
 n - 2 scrolls of blinking {unknown}
 o - 2 scrolls of amnesia {unknown}
 s - a scroll of holy word {unknown}
 u - 3 scrolls of summoning {unknown}
 x - a scroll of enchant weapon {unknown}
Potions
 t - a potion of curing
 v - a potion of haste
 w - 2 potions of ambrosia {unknown}
Comestibles
 c - 7 rations


   Skills:
 + Level 9.2 Fighting
 + Level 10.0 Axes
 + Level 7.6 Armour
 - Level 2.4 Dodging
 - Level 1.5 Stealth


You had 8 spell levels left.
You didn't know any spells.

Dungeon Overview and Level Annotations

Branches:
Dungeon (7/15)             Temple (0/1) D:5

Altars:
Ashenzari
Fedhas
Makhleb
Nemelex Xobeh
Qazlal
The Shining One

Shops:
D:4 %


Message History

You hit the centaur.
The centaur is severely wounded.
The centaur hits you with a shortbow.
* * * LOW HITPOINT WARNING * * *
You hit the centaur.
The centaur is almost dead.
The centaur misses you.
You closely miss the centaur.
The centaur is almost dead.
The centaur hits you but does no damage.
You hit the centaur but do no damage.
The centaur is almost dead.
The centaur barely misses you. The centaur closely misses you.
You closely miss the centaur.
The centaur is almost dead.
The centaur hits you but does no damage.
You closely miss the centaur.
The centaur is almost dead.
The centaur hits you with a shortbow!
You die...

#........# #.#
#.#.####.# #.#
#.#...##.# #.#
#.###[##.# #.#
#.#...##.# #.#
#.#.####.# #(#
#.#.†....# #(#
###'############c#
...............)@#
........##########
((......#
........#
........#
........#
........#
........#
........#


You could see a centaur.

Vanquished Creatures
  Prince Ribbit (D:5)
  Menkaure (D:5)
  2 sky beasts
  3 ogres
  5 centaurs
  A crimson imp (D:6)
  A bullfrog zombie (D:6)
  3 hounds
  3 centaur zombies (Ossuary)
  A jelly (D:6)
  Crazy Yiuf (D:2)
  2 bullfrog skeletons
  3 orc priests
  Ijyb (D:5)
  Jessica (D:3)
  4 worker ants
  2 iguanas
  3 orc wizards
  A hound skeleton (D:7)
  5 mummies (Ossuary)
  9 adders
  10 gnolls
  2 shadow imps
  A worm (D:2)
  A dart slug (D:1)
  5 leopard geckos
  24 orcs
  4 bats
  5 giant cockroaches
  7 goblins
  5 hobgoblins
  6 jackals
  3 quokkas
  6 frilled lizards
  A giant cockroach zombie (D:5)
  A hobgoblin zombie (Ossuary)
  10 kobolds
  A leopard gecko skeleton (D:4)
  5 rats
150 creatures vanquished.

Vanquished Creatures (others)
  An orc priest (D:6)
  An orc (D:6)
2 creatures vanquished.

Grand Total: 152 creatures vanquished

Notes
Turn   | Place    | Note
-------+----------+-------------------------------------------
     0 | D:1      | Mrkan the Hill Orc Monk began the quest for the Orb.
     0 | D:1      | Reached XP level 1. HP: 19/19 MP: 1/1
   253 | D:1      | Reached XP level 2. HP: 16/27 MP: 2/2
   493 | D:1      | Reached skill level 1 in Armour
  1044 | D:2      | Reached XP level 3. HP: 21/33 MP: 3/3
  1682 | D:2      | Reached XP level 4. HP: 36/41 MP: 4/4
  1683 | D:2      | Found a burning altar of Makhleb.
  1971 | D:2      | Reached skill level 5 in Axes
  2542 | D:3      | Noticed Jessica
  2573 | D:3      | Killed Jessica
  2573 | D:3      | Reached XP level 5. HP: 19/47 MP: 5/5
  2865 | D:3      | Reached skill level 5 in Fighting
  3067 | D:2      | Found a runed door.
  3073 | D:2      | Noticed Crazy Yiuf
  3246 | D:2      | Killed Crazy Yiuf
  3542 | D:4      | Got a crystal halberd
  3605 | D:4      | Reached skill level 6 in Axes
  3605 | D:4      | Reached XP level 6. HP: 47/56 MP: 6/6
  3970 | D:4      | Found Caduroerph's Food Shoppe.
  4525 | D:4      | Reached XP level 7. HP: 63/63 MP: 7/7
  5001 | D:5      | Entered Level 5 of the Dungeon
  5049 | D:5      | Reached skill level 7 in Axes
  5060 | D:5      | HP: 3/64 [gnoll/whip (4)]
  5413 | D:5      | Noticed Ijyb
  5430 | D:5      | Killed Ijyb
  5434 | D:5      | Noticed Prince Ribbit
  5455 | D:5      | Killed Prince Ribbit
  5455 | D:5      | Reached skill level 5 in Armour
  5495 | D:5      | Reached XP level 8. HP: 51/73 MP: 8/8
  5554 | D:5      | Noticed Menkaure
  5584 | D:5      | Killed Menkaure
  5584 | D:5      | Reached skill level 8 in Axes
  5952 | D:5      | Found a staircase to the Ecumenical Temple.
  6152 | D:5      | Found a shattered altar of Ashenzari.
  6397 | D:5      | Found a glowing golden altar of the Shining One.
  6441 | D:5      | Found a stormy altar of Qazlal.
  6540 | D:6      | Found a blossoming altar of Fedhas.
  6602 | D:6      | Found a sand-covered staircase.
  6613 | Ossuary  | Entered an ossuary
  7144 | D:6      | Found a sparkling altar of Nemelex Xobeh.
  7144 | D:6      | Found a burning altar of Makhleb.
  7240 | D:6      | Reached skill level 9 in Axes
  7263 | D:6      | Became a worshipper of Beogh the Brigand
  7263 | D:6      | Reached * piety under Beogh
  7263 | D:6      | Reached ** piety under Beogh
  7307 | D:5      | HP: 2/75 [iguana (7)]
  7308 | D:5      | Reached XP level 9. HP: 3/82 MP: 9/9
  8265 | D:6      | Paralysed by a centaur for 2 turns
  8278 | D:6      | Paralysed by a centaur for 3 turns
  8601 | D:7      | Reached skill level 10 in Axes
  8619 | D:7      | Slain by a centaur

Skill      XL: |  1  2  3  4  5  6  7  8  9 |
---------------+----------------------------+-----
Armour         | 1 2 3 4 5 6 7 |  7.6
Fighting       | 4 5 6 7 8 9 |  9.2
Axes           | 5 6 7 9 10 | 10.0
Dodging        | |  2.4
Stealth        | |  1.5

Action                   |  1- 3 |  4- 6 |  7- 9 || total
-------------------------+-------+-------+-------++-------
Melee: Hand axe          |   108 |   246 |   456 ||   810
       Unarmed           |       |       |    17 ||    17
Invok: Convert to Beogh  |       |       |     1 ||     1
  Use: Potion            |       |     3 |     4 ||     7
       Scroll            |       |     3 |     3 ||     6
 Stab: Sleeping          |     3 |     1 |     1 ||     5
       Confused          |       |       |     1 ||     1
  Eat: Chunk             |     2 |     5 |     5 ||    12
       Ration            |       |     2 |     2 ||     4
Armor: Robe              |     6 |       |       ||     6
       Ring mail         |    32 |    72 |   196 ||   300
       Skin              |       |     5 |     1 ||     6
Dodge: Dodged            |    69 |   121 |   238 ||   428
